 Dungeon Crawl Stone Soup version 0.18-a0-739-gdae9da8 (webtiles) character file.

93 Raultor the Slasher (level 4, -7/34 HPs)
             Began as a Demonspawn Gladiator on Dec 10, 2015.
             Mangled by an ogre
             ... wielding a +0 giant spiked club
              (13 damage)
             ... on level 4 of the Dungeon.
             The game lasted 00:09:26 (3182 turns).

Raultor the Slasher (Demonspawn Gladiator)          Turns: 3182, Time: 00:09:26

Health: -7/34      AC:  7    Str: 16    XL:     4   Next: 37%
Magic:  4/4        EV: 12    Int:  9    God:
Gold:   92         SH:  0    Dex: 14    Spells: 0 memorised, 3 levels left

rFire  . . .     SeeInvis .     a - +0 long sword
rCold  + . .     Clarity  .     w - +0 ring mail
rNeg   . . .     SustAt   .     (no shield)
rPois  .         Gourm    .     c - +0 helmet
rElec  .         Spirit   .     (no cloak)
rCorr  .         Dismiss  .     (no gloves)
rMut   .         Stasis   .     (no boots)
MR     +....                    (no amulet)
Stlth  +.........               (no ring)
                                i - ring of protection from magic {MR+, !d}

@: very slightly contaminated, hasted, very quick, somewhat resistant to hostile
enchantments, very unstealthy
A: icy blue scales 1, cold resistance 1
a: no special abilities


You were on level 4 of the Dungeon.
You were not hungry.

You visited 1 branch of the dungeon, and saw 4 of its levels.

You collected 92 gold pieces.

Inventory:

Hand Weapons
 a - a +0 long sword (weapon)
 x - a +0 short sword of speed
   (You found it on level 3 of the Dungeon)
Missiles
 d - 3 throwing nets {=f, !d}
 g - 8 javelins (quivered)
Armour
 c - a +0 helmet (worn)
 w - a +0 ring mail (worn)
   (You found it on level 3 of the Dungeon)
Jewellery
 i - a ring of protection from magic (left hand) {MR+, !d}
   (You found it on level 1 of the Dungeon)
Wands
 t - a wand of random effects (18)
   (You found it on level 3 of the Dungeon)
Scrolls
 f - 2 scrolls of noise {unknown}
 j - a scroll of magic mapping {unknown}
 k - 2 scrolls of remove curse {unknown}
 l - 2 scrolls of teleportation {unknown}
 n - a scroll of recharging {unknown}
 r - a scroll of immolation {unknown}
Potions
 m - a potion of degeneration {!q}
 p - a potion of curing
 s - a potion of brilliance
 u - a potion of resistance {unknown}
 z - a potion of agility
Books
 q - a Young Poisoner's Handbook
   (You found it on level 2 of the Dungeon)
Comestibles
 e - 2 bread rations {@e1}
 o - 2 beef jerkies


   Skills:
 + Level 2.6 Fighting
 * Level 3.9 Long Blades
 - Level 1.7 Throwing
 + Level 1.0 Armour
 + Level 3.0 Dodging


You had 3 spell levels left.
You didn't know any spells.

Dungeon Overview and Level Annotations

Branches:
Dungeon (4/15)
 Temple: D:4-7

Altars:
Fedhas

Annotations:
D:4 Raultor's ghost, amateur DsGl


Innate Abilities, Weirdness & Mutations

You are partially covered in icy blue scales (AC +1).
Your flesh is cold resistant.


Message History

It is a scroll of identify.
Identify which item? (\ to view known items) (? for menu, Esc to quit)
s - a potion of brilliance Read which item? (? for menu, Esc to quit)
Identify which item? (\ to view known items) (? for menu, Esc to quit)
As you read the scroll of identify, it crumbles to dust.
p - a potion of curing Read which item? (? for menu, Esc to quit)
Identify which item? (\ to view known items) (? for menu, Esc to quit)
As you read the scroll of identify, it crumbles to dust.
v - a potion of haste Read which item? (? for menu, Esc to quit)
Identify which item? (\ to view known items) (? for menu, Esc to quit)
As you read the scroll of identify, it crumbles to dust.
m - a potion of degeneration Read which item? (? for menu, Esc to quit)
Identify which item? (\ to view known items) (? for menu, Esc to quit)
As you read the scroll of identify, it crumbles to dust.
z - a potion of agility
There is a stone staircase leading down here.
You see here a halberd.
You are feeling very hungry.
There is an open door here.
You see here 15 arrows.
There is a stone staircase leading down here.
Eat which item? (? for menu, Esc to quit)
That beef jerky was delicious!
You climb downwards.
Level annotation: Raultor's ghost, amateur DsGl
There is a stone staircase leading up here.
You climb upwards.
There is a stone staircase leading down here.
A hobgoblin comes down the stairs.
The hobgoblin shouts!
The hobgoblin hits you.
You take 2 damage, and have 32/34 hp.
You hit the hobgoblin.
You kill the hobgoblin!
You see here 15 arrows.
There is an open door here.
There is a stone staircase leading down here.
Health restored: 34 You climb downwards.
Level annotation: Raultor's ghost, amateur DsGl An orc comes into view.
The orc wizard shouts!
The orc shouts!
The ogre shouts!
There is a stone staircase leading up here.
Drink which item? (? for menu, Esc to quit)
You feel yourself speed up.
You are very lightly contaminated with residual magic.
You completely miss the orc. The orc hits you but does no damage.
Your ring mail prevents you from hitting the orc.
The orc hits you.
You take 1 damage, and have 33/34 hp.
You closely miss the orc. The orc hits you but does no damage.
The orc wizard barely misses you.
You hit the orc but do no damage. The orc barely misses you.
You hit the orc.
The orc wizard gestures wildly while chanting.
The orc wizard blinks!
Health restored: 34 You barely miss the orc.
The orc closely misses you.
The orc wizard casts a spell.
The orc wizard blinks!
The ogre barely misses you.
You barely miss the ogre. The orc closely misses you.
You hit the ogre.
The ogre hits you with a giant spiked club!
The orc barely misses you.
You take 10 damage, and have 24/34 hp.
MASSIVE DAMAGE!!
You slash the ogre! You slash the ogre! The orc barely misses you.
The ogre hits you with a giant spiked club!
* * * LOW HITPOINT WARNING * * *
The orc wizard hits you but does no damage.
You take 15 damage, and have 9/34 hp.
MASSIVE DAMAGE!!
You barely miss the ogre. The orc closely misses you.
The orc wizard hits you but does no damage.
The ogre closely misses you.
You closely miss the ogre. The orc closely misses you.
The orc wizard hits you with a dagger.
* * * LOW HITPOINT WARNING * * *
You take 1 damage, and have 8/34 hp.
You hit the ogre but do no damage. The ogre barely misses you.
The orc closely misses you.
You slash the ogre! The orc wizard barely misses you.
The orc closely misses you.
You barely miss the ogre.
The ogre hits you with a giant spiked club.
* * * LOW HITPOINT WARNING * * *
The orc wizard hits you but does no damage.
You take 3 damage, and have 5/34 hp.
You hit the ogre but do no damage. The orc hits you but does no damage.
The orc wizard barely misses you. The ogre barely misses you.
You hit the ogre. The orc hits you but does no damage.
The orc wizard misses you.
You hit the ogre but do no damage. The orc barely misses you.
The ogre hits you with a giant spiked club!
You die...

........
.........................
........#....#...
.................
.......#$.....#..
................#
.......(.......#
.......o......#
.......o@<....#
.......O......#
...............#
...............#
.................
.................
.................
.<..........%....


You could see an ogre, an orc wizard and an orc.

Vanquished Creatures
  2 adders (D:3)
  A gnoll (D:3)
  An ooze (D:1)
  2 worms
  A giant gecko (D:3)
  An orc (D:3)
  6 bats
  2 giant cockroaches (D:2)
  4 goblins
  7 hobgoblins
  4 jackals (D:2)
  4 quokkas
  A ball python (D:1)
  6 giant newts
  7 kobolds
  7 rats
56 creatures vanquished.

Notes
Turn   | Place    | Note
--------------------------------------------------------------
     0 | D:1      | Raultor the Demonspawn Gladiator began the quest for the Orb.
     0 | D:1      | Reached XP level 1. HP: 16/16 MP: 1/1
   241 | D:1      | Reached skill level 3 in Long Blades
   241 | D:1      | Gained mutation: Your flesh is cold resistant. [demonic ancestry]
   241 | D:1      | Reached XP level 2. HP: 15/22 MP: 2/2
   986 | D:2      | Gained mutation: You are partially covered in icy blue scales (AC +1). [demonic ancestry]
   986 | D:2      | Reached XP level 3. HP: 18/27 MP: 3/3
  1788 | D:3      | Reached skill level 1 in Armour
  1788 | D:3      | Reached skill level 3 in Dodging
  2040 | D:3      | Reached XP level 4. HP: 27/34 MP: 4/4
  2522 | D:3      | Found a blossoming altar of Fedhas.
  2748 | D:4      | Noticed an ogre
  2792 | D:4      | Noticed Raultor's ghost (amateur DsGl)
  3176 | D:4      | HP: 8/34 [orc wizard/dagger (1)]
  3182 | D:4      | Mangled by an ogre

Vault maps used:
D:1:      dpeg_arrival_pits
D:3:      fedhas_altar_4
D:4:      first_bread, minmay_misc_feat_more_columns

Action                   |  1- 3 |  4- 6 || total
-------------------------+-------+-------++-------
Melee: Long sword        |   150 |    58 ||   208
  Use: Scroll            |       |     5 ||     5
       Potion            |       |     1 ||     1
 Stab: Sleeping          |     1 |       ||     1
  Eat: Chunk             |     4 |     2 ||     6
       Beef jerky        |       |     1 ||     1

Vault maps used:
D:1:      dpeg_arrival_pits
D:3:      fedhas_altar_4
D:4:      first_bread, minmay_misc_feat_more_columns

Table legend:
 A = Turns spent in this place as a percentage of turns spent in the entire game.
 B = Non-inter-level travel turns spent in this place as a percentage of non-inter-level travel turns spent in the entire game.
 C = Inter-level travel turns spent in this place as a percentage of turns spent in this place.
 D = Turns resting spent in this place as a percentage of non-inter-level travel turns spent in this place.
 E = Turns spent auto-exploring this place as a percentage of non-inter-level travel turns spent in this place.
 F = Non-inter-level travel turns spent in this place divided by the number of levels of this place that you've seen.
                   A       B       C       D       E      F
               +-------+-------+-------+-------+-------+----------------------
         Total | 100.0 | 100.0 |   1.9 |   2.4 |  12.1 | 154.8
       Dungeon | 100.0 | 100.0 |   1.9 |   2.4 |  12.1 | 154.8
               +-------+-------+-------+-------+-------+----------------------

Table legend:
 A = Kills in this place as a percentage of kills in entire the game.
 B = Kills by you in this place as a percentage of kills by you in the entire game.
 C = Kills by friends in this place as a percentage of kills by friends in the entire game.
 D = Other kills in this place as a percentage of other kills in the entire game.
 E = Experience gained in this place as a percentage of experience gained in the entire game.
 F = Experience gained in this place divided by the number of levels of this place that you have seen.
                   A       B       C       D       E      F
               +-------+-------+-------+-------+-------+----------------------
         Total | 100.0 | 100.0 |  -nan |  -nan | 100.0 |  33.5
       Dungeon | 100.0 | 100.0 |  -nan |  -nan | 100.0 |  33.5
               +-------+-------+-------+-------+-------+----------------------
